 Dungeon Crawl Stone Soup version 0.20.1-1-g8b1a95d (webtiles) character file.

73 torrenera the Magician (level 4, 0/24 HPs)
             Began as a Deep Elf Fire Elementalist on Aug 1, 2017.
             Slain by Jessica
             ... wielding a +0 dagger
              (3 damage)
             ... on level 2 of the Dungeon.
             The game lasted 00:04:39 (2006 turns).

torrenera the Magician (Deep Elf Fire Elementalist) Turns: 2006, Time: 00:04:40

Health: 0/24       AC:  3    Str:  5    XL:     4   Next: 8%
Magic:  8/12       EV: 13    Int: 21    God:
Gold:   27         SH:  0    Dex: 15    Spells: 8/12 levels left

rFire    . . .     SeeInvis .   q - +0 hunting sling
rCold    . . .     Gourm    .   (no shield)
rNeg     . . .     Faith    .   a - +0 robe
rPois    .         Spirit   .   (no helmet)
rElec    .         Reflect  .   (no cloak)
rCorr    .         Harm     .   p - +0 pair of gloves
MR       .....                  (no boots)
Stlth    ++........             (no amulet)
Regen    0.1/turn               (no ring)
MPRegen  0.2/turn               (no ring)

@: no status effects
A: no striking features
a: no special abilities


You were on level 2 of the Dungeon.
You were not hungry.

You visited 1 branch of the dungeon, and saw 2 of its levels.

You collected 27 gold pieces.

Inventory:

Hand Weapons
 i - a +0 dagger
 q - a +0 hunting sling (weapon)
Missiles
 d - 57 stones (quivered)
 k - 23 sling bullets
Armour
 a - a +0 robe (worn)
 g - a +0 buckler
 p - a +0 pair of gloves (worn)
Scrolls
 e - 2 scrolls of identify {unknown}
 h - a scroll of amnesia {unknown}
 l - 2 scrolls of remove curse {unknown}
 m - a scroll of immolation {unknown}
 n - a scroll of fear {unknown}
 o - a scroll of noise {unknown}
Potions
 j - a potion of heal wounds {unknown}
Books
 b - a book of Flames

   Spells                             Type                      Level
   a - Flame Tongue                   Conjuration/Fire             1
   b - Throw Flame                    Conjuration/Fire             2
   c - Conjure Flame                  Conjuration/Fire             3
   d - Inner Flame                    Hexes/Fire                   3
   e - Sticky Flame                   Conjuration/Fire             4
   f - Fireball                       Conjuration/Fire             5
Comestibles
 c - 4 bread rations
 r - a meat ration


   Skills:
 - Level 2.4 Dodging
 - Level 2.4 Stealth
 * Level 4.8 Spellcasting
 - Level 1.1 Conjurations
 + Level 4.4 Fire Magic


You had 8 spell levels left.
You knew the following spells:

 Your Spells              Type           Power        Failure   Level  Hunger
a - Flame Tongue          Conj/Fire      ###..        3%          1    None
b - Conjure Flame         Conj/Fire      ###.....     11%         3    ##.....


Dungeon Overview and Level Annotations

Branches:
Dungeon (2/15)

Altars:
Elyvilon

Annotations:
D:2 Jessica


Message History

The flame tongue hits the gnoll.
You kill the gnoll!
You have reached level 4!
You feel clever.
Jessica grins evilly.
Jessica casts a spell at you. Pain shoots through your body!
* * * LOW HITPOINT WARNING * * *
Jessica points at you and mumbles some strange words.
Pain shoots through your body!
* * * LOW HITPOINT WARNING * * *
Casting: Flame Tongue
Confirm with . or Enter, or press ? or * to list all spells.
Aiming: Flame Tongue
Press: ? - help, Shift-Dir - straight line, f - Jessica
Aim: Jessica, wielding a dagger and wearing a robe (heavily wounded)
The flame tongue hits Jessica.
Jessica is almost dead.
Jessica hits you with a dagger.
You die...

♣♣...♣♣ .. ♣...g.♣♣ #.. .......♣♣
#.# ..≈≈≈...♣# ##.## .≈≈≈≈≈...#
#...#
.≈≈♣≈≈...#############...########
.≈≈≈≈≈.....g.@....##.......#.....
..≈≈≈...#########@#..........####
................@..........###
#.......#########........###
###....## ######...# ###### #####


You could see Jessica.

Vanquished Creatures
  2 gnolls (D:2)
  An adder (D:2)
  3 dart slugs
  2 leopard geckos
  4 bats
  3 giant cockroaches
  5 goblins
  6 hobgoblins
  4 jackals
  2 kobolds (D:1)
  A frilled lizard (D:2)
  A rat (D:1)
34 creatures vanquished.

Notes
Turn   | Place    | Note
-------+----------+-------------------------------------------
     0 | D:1      | torrenera the Deep Elf Fire Elementalist began the quest for the Orb.
     0 | D:1      | Reached XP level 1. HP: 10/10 MP: 6/6
    92 | D:1      | Reached XP level 2. HP: 13/15 MP: 3/8
  1136 | D:2      | Reached XP level 3. HP: 19/19 MP: 7/10
  1551 | D:2      | Noticed Jessica
  1926 | D:2      | Learned a level 3 spell: Conjure Flame
  1968 | D:2      | Found a white marble altar of Elyvilon.
  1997 | D:2      | Reached XP level 4. HP: 15/24 MP: 8/12
  2006 | D:2      | Slain by Jessica

Skill      XL: |  1  2 |
---------------+-------+-----
Spellcasting   | 4 |  4.8
Fire Magic     | 4 |  4.4
Dodging        | |  2.4
Stealth        | |  2.4
Conjurations   | |  1.1

Action                   |  1- 3 |  4- 6 || total
-------------------------+-------+-------++-------
Melee: Dagger            |    19 |       ||    19
       Unarmed           |     2 |       ||     2
 Fire: Hunting sling     |    36 |       ||    36
Throw: Stone             |     1 |       ||     1
 Cast: Flame Tongue      |    59 |     2 ||    61
 Stab: Sleeping          |     1 |       ||     1
  Eat: Chunk             |     3 |       ||     3
Armor: Robe              |    14 |       ||    14
Dodge: Dodged            |    52 |       ||    52
